 Dungeon Crawl Stone Soup version 0.24.0-35-gdb84b6a5db (webtiles) character file.

Game seed: 1880891721571770772, levelgen mode: deterministic

3340 Nattfarinn the Fighter (level 10, -15/110 HPs)
             Began as an Ogre Transmuter on Nov 18, 2019.
             Was a Believer of Okawaru.
             Killed by divine providence
             ... invoked by an orc priest
              (16 damage)
             ... on level 9 of the Dungeon.
             The game lasted 00:22:32 (9243 turns).

Nattfarinn the Fighter (Ogre Transmuter)            Turns: 9243, Time: 00:22:33

Health: -15/110    AC:  4    Str: 17    XL:     10   Next: 2%
Magic:  5/13       EV: 10    Int: 16    God:    Okawaru [**....]
Gold:   337        SH:  0    Dex:  9    Spells: 4/13 levels left

rFire    + . .     SeeInvis +     - Unarmed
rCold    + . .     Gourm    .   (shield currently unavailable)
rNeg     . . .     Faith    .   b - +1 robe
rPois    .         Spirit   .   (helmet restricted)
rElec    .         Reflect  .   A - scarf {rC+ rF+}
rCorr    .         Harm     .   (gloves unavailable)
MR       +....                  (boots unavailable)
Stlth    ++........             i - amulet of rage
HPRegen  0.28/turn              D - ring of stealth
MPRegen  0.13/turn              m - ring of see invisible

@: blade hands (expiring), very slightly contaminated, starving
A: large, unfitting armour, tough skin 1
a: End Transformation, Heroism, Renounce Religion, Evoke Berserk Rage


You were on level 9 of the Dungeon.
You worshipped Okawaru.
Okawaru was pleased with you.
You were starving.
You had blades for hands.
You visited 1 branch of the dungeon, and saw 9 of its levels.
You also visited: Ossuary.

You collected 337 gold pieces.

Inventory:

Hand Weapons
 p - a +0 whip
 q - a +2 dagger of draining (melded)
Missiles
 a - 110 arrows
 g - 24 boomerangs (quivered)
Armour
 b - a +1 robe (worn)
 s - the +4 large shield of the Slorg {+Fly MP+9 Str-4 SInv}
   (You acquired it on level 7 of the Dungeon)

   It affects your strength (-4).
   It affects your magic capacity (+9).
   It lets you see invisible.
   It lets you fly.
 A - a scarf of resistance (worn)
Jewellery
 i - an amulet of rage (around neck)
 k - an uncursed ring of flight
 l - an uncursed amulet of guardian spirit
 m - a ring of see invisible (right scythe-like blade)
 o - an uncursed ring of protection from cold
 u - an uncursed ring of stealth
 D - a ring of stealth (left scythe-like blade)
Wands
 y - a wand of enslavement (6)
Scrolls
 c - 3 scrolls of remove curse
 f - a scroll of random uselessness
 v - 6 scrolls of teleportation
 x - 2 scrolls of blinking
 I - a scroll of fog
Potions
 e - a potion of berserk rage {unknown}
 h - 5 potions of flight
 j - a potion of invisibility {unknown}
 n - a potion of might {unknown}
 r - a potion of experience {unknown}
 t - 2 potions of degeneration
 w - a potion of agility {unknown}
 z - 2 potions of mutation
 B - a potion of lignification {unknown}
 C - a potion of cancellation {unknown}
 E - a potion of magic {unknown}
 F - a potion of haste
Comestibles
 d - 12 rations


   Skills:
 * Level 10.1 Fighting
 - Level 1.7 Dodging
 + Level 5.7 Unarmed Combat
 - Level 2.4 Spellcasting
 - Level 9.4 Transmutations


You had 4 spell levels left.
You knew the following spells:

 Your Spells              Type           Power        Failure   Level  Hunger
a - Beastly Appendage     Tmut           ####..       11%         1    #......
b - Spider Form           Tmut/Pois      ###.......   43%         3    ###....
c - Blade Hands           Tmut           ####......   50%         5    ######.

Your spell library contained the following spells:

 Spells                   Type           Power        Failure   Level  Hunger
 Sticks to Snakes         Tmut           ####....     13%         2    ###....
 Ice Form                 Ice/Tmut       ###.....     71%         4    #####..


Dungeon Overview and Level Annotations

Branches:
Dungeon (9/15)             Temple (0/1) D:7         Ossuary (visited)
   Lair: D:8-11         Orc: D:9-12

Altars:
Ashenzari
Elyvilon
Gozag
Hepliaklqana
Makhleb
Nemelex Xobeh
Okawaru
Qazlal
Sif Muna
Trog
Zin
The Shining One

Annotations:
D:4 1 runed translucent door, duckybubbers's ghost, amateur TeAM
D:7 2 runed translucent doors, Delamore's ghost, novice HOFi


Innate Abilities, Weirdness & Mutations

You are too large for most types of armour.
You have tough skin. (AC +1)


Message History

The orc throws a stone.
The stone closely misses you.
An orc priest comes into view.
The orc hits you but does no damage.
You hit the orc but do no damage. The orc hits you but does no damage.
An orc priest comes into view.
You closely miss the orc. The orc closely misses you.
An orc comes into view. It is wielding a +3 short sword.
You hit the orc.
The orc is lightly wounded.
The orc hits you with a +0 club.
* * * LOW HITPOINT WARNING * * *
The orc priest calls down the wrath of Beogh upon you.
Beogh smites you!
* * * LOW HITPOINT WARNING * * *
You slash the orc!
You kill the orc!
Okawaru accepts your kill.
The orc priest calls down the wrath of Beogh upon you.
Beogh smites you!
You die...

..# ..# #o# #o# #.# .
#o#
.⌠.Z#########)##########
_.....(.(..(@)....../...
.⌠##############..#####
#..###### #...(....
#####.####### #....<#
#.####c..# .#.# .? ..


You could see 2 orc priests and an orc.

Vanquished Creatures
  A two-headed ogre (D:8)
  Grinder (D:5)
  A hungry ghost (D:7)
  Eustachio (D:6)
  An ice beast (D:7)
  5 ogres
  A phantom (D:6)
  2 centaurs
  Blork the orc (D:5)
  2 bullfrogs
  7 scorpions
  3 crimson imps
  A centaur zombie (D:5)
  An orc priest (D:8)
  3 human zombies (Ossuary)
  A hound (D:4)
  A bullfrog skeleton (D:5)
  6 orc wizards
  2 centaur skeletons (D:4)
  Jessica (D:2)
  2 iguanas
  2 worker ants (D:7)
  2 big kobold zombies (Ossuary)
  A hound skeleton (D:5)
  3 mummies (Ossuary)
  A worker ant zombie (D:9)
  4 adders
  6 scorpion zombies (Ossuary)
  4 shadow imps
  An ooze (D:1)
  An adder zombie (D:5)
  An adder skeleton (D:4)
  4 worms
  A dart slug (D:1)
  A leopard gecko (D:2)
  22 orcs
  A ball python (D:3)
  2 bats (D:3)
  2 giant cockroaches (D:4)
  3 gnoll zombies (Ossuary)
  7 hobgoblins
  3 jackals (D:4)
  3 quokkas
  4 frilled lizards
  5 goblins
  2 goblin zombies (Ossuary)
  A jackal zombie (D:5)
  4 kobolds
  4 kobold zombies (Ossuary)
  A leopard gecko skeleton (D:4)
  2 orc zombies (Ossuary)
  A quokka skeleton (D:6)
  A quokka zombie (D:5)
  4 rats
148 creatures vanquished.

Vanquished Creatures (others)
  A goblin zombie (Ossuary)
  A jackal zombie (D:6)
2 creatures vanquished.

Grand Total: 150 creatures vanquished

Notes
Turn   | Place    | Note
-------+----------+-------------------------------------------
     0 | D:1      | Nattfarinn the Ogre Transmuter began the quest for the Orb.
     0 | D:1      | Reached XP level 1. HP: 19/19 MP: 3/3
   178 | D:1      | Reached XP level 2. HP: 27/27 MP: 3/5
   986 | D:2      | Noticed Jessica
   990 | D:2      | Killed Jessica
   990 | D:2      | Reached XP level 3. HP: 33/33 MP: 4/6
  1277 | D:2      | Learned a level 3 spell: Spider Form
  1872 | D:2      | Reached XP level 4. HP: 41/41 MP: 7/7
  1971 | D:2      | Found a shimmering blue altar of Sif Muna.
  2354 | D:3      | Found a burning altar of Makhleb.
  2791 | D:3      | Found a bloodstained altar of Trog.
  2927 | D:3      | Found a glowing silver altar of Zin.
  3008 | D:4      | Reached XP level 5. HP: 24/48 MP: 4/8
  3114 | D:4      | Reached skill level 5 in Transmutations
  3473 | D:4      | Reached XP level 6. HP: 35/55 MP: 3/9
  3645 | D:4      | Found a runed translucent door.
  4268 | D:4      | Noticed duckybubbers's ghost (amateur TeAM)
  4293 | D:5      | Entered Level 5 of the Dungeon
  4615 | D:5      | Reached XP level 7. HP: 58/62 MP: 6/10
  4789 | D:5      | Found a sand-covered staircase.
  4795 | Ossuary  | Entered an ossuary
  6049 | Ossuary  | Reached XP level 8. HP: 32/70 MP: 6/11
  6452 | D:5      | Noticed Grinder
  6467 | D:5      | Killed Grinder
  6833 | D:5      | Noticed Blork the orc
  6855 | D:5      | Killed Blork the orc
  6910 | D:5      | Learned a level 5 spell: Blade Hands
  7111 | D:5      | Reached skill level 2 in Fighting
  7451 | D:6      | Noticed Eustachio
  7453 | D:6      | Reached skill level 3 in Fighting
  7495 | D:6      | Reached skill level 4 in Fighting
  7501 | D:6      | Killed Eustachio
  7501 | D:6      | Reached skill level 5 in Fighting
  7501 | D:6      | Reached XP level 9. HP: 66/88 MP: 7/12
  7756 | D:6      | Found a white marble altar of Elyvilon.
  8003 | D:6      | Found a shattered altar of Ashenzari.
  8003 | D:6      | Found an opulent altar of Gozag.
  8003 | D:6      | Found an iron altar of Okawaru.
  8003 | D:6      | Found a bloodstained altar of Trog.
  8010 | D:6      | Found a glowing golden altar of the Shining One.
  8012 | D:6      | Found a hazy altar of Hepliaklqana.
  8016 | D:6      | Became a worshipper of Warmaster Okawaru
  8118 | D:7      | Reached skill level 6 in Fighting
  8334 | D:7      | Reached skill level 7 in Fighting
  8421 | D:7      | Reached * piety under Okawaru
  8616 | D:7      | Found a large runed translucent door.
  8639 | D:7      | Found a large runed translucent door.
  8745 | D:7      | Found a staircase to the Ecumenical Temple.
  8765 | D:7      | Reached skill level 8 in Fighting
  8935 | D:7      | Noticed Delamore's ghost (novice HOFi)
  8956 | D:7      | Identified a scroll of acquirement
  8960 | D:7      | Got a blackened large shield
  8966 | D:7      | Identified the +4 large shield of the Slorg {+Fly MP+9
                  | Str-4 SInv} (You acquired it on level 7 of the Dungeon)
  9064 | D:8      | Noticed a two-headed ogre
  9078 | D:8      | Killed a two-headed ogre
  9078 | D:8      | Reached ** piety under Okawaru
  9078 | D:8      | Reached skill level 9 in Fighting
  9078 | D:8      | Reached skill level 5 in Unarmed Combat
  9081 | D:8      | HP: 4/101 [orc wizard/+0 dagger (4)]
  9084 | D:9      | Found a stormy altar of Qazlal.
  9213 | D:9      | Found a sparkling altar of Nemelex Xobeh.
  9218 | D:9      | Reached skill level 10 in Fighting
  9218 | D:9      | Reached XP level 10. HP: 12/110 MP: 7/13
  9242 | D:9      | HP: 1/110 [orc priest/divine providence (11)]
  9243 | D:9      | Killed from afar by an orc priest

Levels and vault maps discovered:
D:1:      dpeg_arrival_arbitrary_c, layout_loops_ring
D:2:      layout_loops_corners, lemuel_blue_sif_altar, minmay_misc_feat_square,
          nrook_mini_backslash, hangedman_decor_clover_reticule, uniq_jessica
D:3:      layout_loops_cross, bloody_makhleb, zin_scriptorium, trog_book
D:4:      layout_gridville, gammafunk_ghost_grave, first_ration
D:5:      cheibrodos_helix_gallery, layout_cave_pods,
          nicolae_ossuary_entry_plus, uniq_grinder, uniq_blork_the_orc
D:6:      layout_rooms, elyvilon_altar_4, minmay_overflow_temple_hex,
          uniq_eustachio
D:7:      layout_basic, minmay_temple_entry_hall, ebering_ghost_disaster_area,
          grunt_ogre_cave
D:8:      layout_cave_pools, kennysheep_opposing_triangles
D:9:      layout_loops_ring, nemelex_xobeh_ov_fountains_minmay,
          kennysheep_little_box, marbit_many_paths, basic_altar, uniq_joseph

Skill      XL: |  1  2  3  4  5  6  7  8  9 |
---------------+----------------------------+-----
Transmutations | 2 3 4 5 6 8 9 |  9.4
Fighting       | 5 10 | 10.1
Unarmed Combat | 3 5 |  5.7
Dodging        | |  1.7
Spellcasting   | |  2.4

Action                   |  1- 3 |  4- 6 |  7- 9 | 10-12 || total
-------------------------+-------+-------+-------+-------++-------
Melee: Unarmed           |    61 |    82 |   307 |     8 ||   458
       Headbutt          |     6 |       |       |       ||     6
       Kick              |     3 |       |       |       ||     3
       Whip              |    24 |       |       |       ||    24
       Dagger            |    12 |    76 |    91 |       ||   179
       Punch             |       |     1 |       |       ||     1
Throw: Boomerang         |       |     6 |       |       ||     6
 Cast: Beastly Appendage |    11 |       |       |       ||    11
       Spider Form       |     1 |    15 |    20 |       ||    36
       Blade Hands       |       |       |    18 |     1 ||    19
  Use: Scroll            |       |     8 |     8 |       ||    16
       Potion            |       |       |     6 |       ||     6
 Stab: Sleeping          |     1 |       |     4 |       ||     5
  Eat: Chunk             |     3 |    11 |    14 |       ||    28
       Ration            |       |       |     3 |       ||     3
Armor: Robe              |    17 |    20 |    35 |     2 ||    74
       Skin              |       |     4 |    15 |       ||    19
Dodge: Dodged            |    49 |   103 |   241 |     3 ||   396
